cohdb
Replays
Latest Replays
All Replays
Popular Replays
Top Player Replays
Match Explorer
How It Works
Community
CoH3 Stats
Reddit
Sign in to upload your games and track your stats! →
Sign in with Steam
Match 45385467
Unlisted
Match 45385467
Overview
Messages
Build Orders
End
Construct Section Command Post
Royal Engineer Section
Selects Heavy Armor Battlegroup
Dingo Light Scout Car
Infantry Section
Infantry Section
Infantry Section
Selects Rigorous Vehicle Training
Construct Platoon Command Post
Grenade Package
Selects Light Vehicle Withdraw and Refit
Humber Armored Car
Light Vehicle Withdraw and Refit
ML 3-inch Mortar Team
Infantry Section
Vickers Machine Gun Team
6-pounder Anti-tank Gun Team
Royal Engineer Section
Infantry Training
Selects Forward Repair Assembly
Infantry Section
Construct Company Command Post
Crusader II Medium Tank
Crusader II Medium Tank
CMP 15cwt Truck
pagep
7k this year for sure
gas940
Zapata
0
0
Comments
sign in to comment!
No comments posted yet!